 Dungeon Crawl Stone Soup version 0.22.1-2-g9c5b331 (webtiles) character file.

131 empire the Slasher (level 4, -4/40 HPs)
             Began as a Minotaur Fighter on Nov 21, 2018.
             Killed by nerve-wracking pain
             ... invoked by an orc priest
              (11 damage)
             ... on level 3 of the Dungeon.
             The game lasted 00:04:27 (2489 turns).

empire the Slasher (Minotaur Fighter)               Turns: 2489, Time: 00:04:28

Health: -4/40      AC: 12    Str: 21    XL:     4   Next: 91%
Magic:  3/3        EV:  4    Int:  5    God:
Gold:   121        SH:  9    Dex: 10    Spells: 3/3 levels left

rFire    . . .     SeeInvis .   a - +0 long sword
rCold    . . .     Gourm    .   c - +0 shield
rNeg     . . .     Faith    .   p - +0 plate armour
rPois    .         Spirit   .   (helmet restricted)
rElec    .         Reflect  .   (no cloak)
rCorr    .         Harm     .   (no gloves)
MR       .....                  l - +0 pair of boots
Stlth    ..........             (no amulet)
HPRegen  0.13/turn              (no ring)
MPRegen  0.08/turn              (no ring)

@: no status effects
A: retaliatory headbutt, horns 2
a: no special abilities


You were on level 3 of the Dungeon.
You were not hungry.

You visited 1 branch of the dungeon, and saw 3 of its levels.

You collected 121 gold pieces.

Inventory:

Hand Weapons
 a - a +0 long sword (weapon)
Armour
 c - a +0 shield (worn)
 l - a +0 pair of boots (worn)
 p - a +0 plate armour (worn)
Scrolls
 b - a scroll of immolation {unknown}
 e - 5 scrolls of identify {unknown}
 i - 3 scrolls of teleportation {unknown}
 j - 4 scrolls of remove curse {unknown}
 k - a scroll of magic mapping {unknown}
 m - 2 scrolls of enchant weapon {unknown}
Potions
 d - 2 potions of might
 h - 2 potions of curing {unknown}
 n - a potion of magic {unknown}
 o - a potion of cancellation {unknown}
Comestibles
 f - 4 rations
 g - a chunk of flesh


   Skills:
 - Level 4.0 Fighting
 * Level 4.7 Long Blades
 - Level 4.0 Armour
 + Level 2.2 Dodging
 - Level 4.0 Shields


You had 3 spell levels left.
You didn't know any spells.
Your spell library contained the following spells:

 Spells                   Type           Power        Failure   Level  Hunger
 Beastly Appendage        Tmut           #.....       100%        1    ##.....
 Sticks to Snakes         Tmut           #.......     100%        2    ###....
 Spider Form              Tmut/Pois      #.........   100%        3    ####...
 Ice Form                 Ice/Tmut       #.......     100%        4    #####..
 Blade Hands              Tmut           #.........   100%        5    ######.


Dungeon Overview and Level Annotations

Branches:
Dungeon (3/15)

Altars:
Gozag
Uskayaw

Annotations:
D:3 1 runed door, Rwicked's ghost, amateur MiFi


Innate Abilities, Weirdness & Mutations

You reflexively headbutt those who attack you in melee.
You have a pair of horns on your head.


Message History

The orc priest hits you but does no damage.
You block the orc wizard's attack.
You hit the orc priest.
The orc priest is severely wounded.
The orc priest invokes the aid of Beogh against you.
Pain shoots through your body!
* * * LOW HITPOINT WARNING * * *
You block the orc wizard's attack.
The orc priest hits you with a hand axe.
* * * LOW HITPOINT WARNING * * *
You closely miss the orc priest. Your headbutt misses the orc priest.
The orc priest is severely wounded.
The orc wizard hits you but does no damage.
The orc priest casts a cantrip, but nothing happens.
You hit the orc priest. Your headbutt misses the orc priest.
The orc priest is almost dead.
You block the orc wizard's attack.
The orc priest calls down the wrath of Beogh upon you.
Pain shoots through your body!
You die...

#>##.# ##.
#.##.# #.
#.##.# ##
#.##.# #....#
#..### # #(.#
#.#####..#
.###..o@%...#
..$...o.....#
#############


You could see an orc priest and an orc wizard.

Vanquished Creatures
  Robin (D:2)
  2 adders
  A gnoll (D:3)
  An ooze (D:3)
  A worm (D:2)
  3 orcs
  9 giant cockroaches
  11 goblins
  9 hobgoblins
  4 jackals (D:2)
  A quokka (D:3)
  A ball python (D:3)
  7 bats
  9 frilled lizards
  7 kobolds
  13 rats
80 creatures vanquished.

Notes
Turn   | Place    | Note
-------+----------+-------------------------------------------
     0 | D:1      | empire the Minotaur Fighter began the quest for the Orb.
     0 | D:1      | Reached XP level 1. HP: 19/19 MP: 0/0
   150 | D:1      | Reached XP level 2. HP: 27/27 MP: 1/1
   904 | D:2      | Reached XP level 3. HP: 30/33 MP: 2/2
   917 | D:2      | Noticed Robin
   923 | D:2      | Killed Robin
   923 | D:2      | Reached skill level 1 in Dodging
  1180 | D:2      | Reached XP level 4. HP: 40/40 MP: 3/3
  1361 | D:2      | Found an opulent altar of Gozag.
  1715 | D:3      | Found a runed door.
  1716 | D:3      | Noticed Rwicked's ghost (amateur MiFi)
  1717 | D:3      | Noticed a bullfrog
  2220 | D:3      | Found a hide-covered altar of Uskayaw.
  2489 | D:3      | Killed from afar by an orc priest

Skill      XL: |  1  2  3  4 |
---------------+-------------+-----
Long Blades    | 3 4 |  4.7
Fighting       | 4 |  4.0
Armour         | 4 |  4.0
Dodging        | 1 2 |  2.2
Shields        | 4 |  4.0

Action                   |  1- 3 |  4- 6 || total
-------------------------+-------+-------++-------
Melee: Long sword        |   119 |    91 ||   210
       Headbutt          |    14 |    10 ||    24
  Eat: Chunk             |     1 |     4 ||     5
Armor: Scale mail        |    67 |    31 ||    98
       Plate armour      |       |    20 ||    20
Dodge: Dodged            |    37 |    32 ||    69
Block: Shield            |    71 |    64 ||   135
       Rpst.: Long sword |     9 |     4 ||    13
